 Dungeon Crawl Stone Soup version 0.29.1-15-g9cfb28693d (webtiles) character file.

Game seed: 333224322350275054

112 Heoruswealwe the Magician (level 4, -2/24 HPs)
             Began as a Deep Elf Earth Elementalist on Apr 10, 2023.
             Slain by a vampire (13 damage)
             ... on level 6 of the Dungeon.
             The game lasted 00:19:22 (1510 turns).

Heoruswealwe the Magician (DEEE)                    Turns: 1510, Time: 00:19:23

Health: -2/24      AC:  2    Str:  5    XL:     4   Next: 64%
Magic:  8/12       EV: 13    Int: 22    God:
Gold:   19         SH:  0    Dex: 21    Spells: 1/11 levels left

rFire   . . .      SeeInvis .   (no weapon)
rCold   . . .      Faith    .   (no shield)
rNeg    . . .      Spirit   .   a - +0 robe
rPois   +          Reflect  .   (no helmet)
rElec   .          Harm     .   (no cloak)
rCorr   .          Rampage  .   (no gloves)
Will    .....                   (no boots)
Stlth   +.........              g - amulet of regeneration
HPRegen 0.88/turn               d - +6 ring of dexterity
MPRegen 0.13/turn               q - ring of poison resistance

@: confused
A: no striking features
a: no special abilities


You were on level 6 of the Dungeon.
You visited 1 branch of the dungeon, and saw 4 of its levels.

You collected 115 gold pieces.
You spent 96 gold pieces at shops.

Inventory:

Armour
 a - a +0 robe (worn)
 h - a +0 robe
 l - a +0 robe
 m - a +0 robe
Jewellery
 d - a +6 ring of dexterity (left hand)
 g - an amulet of regeneration (around neck)
 q - a ring of poison resistance (right hand)
Wands
 i - a wand of quicksilver (11)
 k - a wand of charming (10)
Scrolls
 e - a scroll of immolation {unknown}
 n - a scroll of summoning
 o - a scroll of torment {unknown}
Potions
 b - a potion of magic
 c - a potion of curing
 f - a potion of lignification
 j - 2 potions of heal wounds
 p - a potion of resistance {unknown}


   Skills:
 - Level 2.4 Dodging
 - Level 2.4 Stealth
 + Level 4.2 Spellcasting
 + Level 2.0 Conjurations
 + Level 2.6 Transmutations
 + Level 4.1 Earth Magic


You had one spell level left.
You knew the following spells:

 Your Spells              Type           Power      Damage    Failure   Level
a - Sandblast             Erth           44%        2d11      1%          1
b - Stone Arrow           Conj/Erth      36%        3d9       10%         3
c - Petrify               Tmut/Erth      19%        N/A       26%         4
z - Passwall              Tmut/Erth      15%        N/A       4%          2

Your spell library contained the following spells:

 Spells                   Type           Power      Damage    Failure   Level
 Ensorcelled Hibernation  Hex/Ice        8%         N/A       17%         2
 Swiftness                Air            4%         N/A       32%         3
 Lee's Rapid Deconstruct  Erth           11%        3d9*      50%         5
 Fulminant Prism          Conj/Hex       4%         3d6       56%         4
 Iskenderun's Mystic Bla  Conj/Tloc      9%         2d4       56%         4


Dungeon Overview and Level Annotations

Branches:
Dungeon (3/15)

Altars:
Dithmenos

Shops:
D:2 ?


Message History

You fall into a shaft and drop 3 floors!
The shaft crumbles and collapses.
Found a long silver wand.
Found a forked glass wand.
Found a stone staircase leading up.
i - a wand of quicksilver (11)
k - a wand of charming (10)
Found a flail.
An orc wizard comes into view. It is wielding a +0 dagger.
Found a scroll labelled LODE IKHAOMP.
Found a bubbling pink potion.
Found 7 stones.
You see here a +0 flail.
You enter the shallow water.
Moving in this stuff is going to be slow.
o - a scroll labelled LODE IKHAOMP
p - a bubbling pink potion A vampire comes into view.
The blast of sand hits the vampire but does no damage.
The blast of sand hits the vampire.
The vampire is lightly damaged.
The vampire gestures wildly while chanting.
The vampire flickers and vanishes!
Deactivating autopickup; reactivate with Ctrl-A.
Casting: Sandblast (safe; 1% risk of failure)
Confirm with . or Enter, or press ? or * to list all spells.
Aiming: Sandblast (safe; 1% risk of failure)
Press: ? - help, Shift-Dir - straight line The blast of sand hits something!
You hear some strange, mumbled words.
You are confused.
Something hits you. Something completely misses you.
You're too confused to move!
Something completely misses you. Something bites you!
Something draws strength from your injuries!
Something hits you. Something bites you.
Something draws strength from your injuries!
Something hits you!
Ouch! That really hurt!
You die...

#o ##..###.######
#..##....##.....(#
#................#
#.#.#............#
#.....~....~...#
####...........#
##....~~.....#
###.....~~.{...#
.............@..#######
####...~.)..~.........#
#............#####.#
#............#
#....####....# ######
####.# #.# ... #.##


There were no monsters in sight!

Vanquished Creatures
  A gnoll (D:2)
  2 adders
  5 dart slugs
  5 orcs (D:3)
  6 bats
  10 endoplasms
  A giant cockroach (D:2)
  5 goblins
  4 hobgoblins (D:1)
  4 jackals (D:1)
  3 quokkas
  6 ball pythons
  2 frilled lizards (D:1)
  5 kobolds
  6 rats
65 creatures vanquished.

Notes
Turn   | Place    | Note
-------+----------+-------------------------------------------
     0 | D:1      | Heoruswealwe the Deep Elf Earth Elementalist began the
                  | quest for the Orb.
     0 | D:1      | Reached XP level 1. HP: 10/10 MP: 6/6
   205 | D:1      | Reached XP level 2. HP: 15/15 MP: 6/8
   208 | D:1      | Learned a level 2 spell: Passwall
   288 | D:1      | Reached skill level 1 in Conjurations
   423 | D:1      | Reached XP level 3. HP: 19/19 MP: 6/10
   427 | D:1      | Learned a level 3 spell: Stone Arrow
   993 | D:2      | Reached XP level 4. HP: 24/24 MP: 9/11
  1000 | D:2      | Learned a level 4 spell: Petrify
  1032 | D:2      | Found Irphurempum's Magic Scroll Boutique.
  1091 | D:2      | Bought a scroll of identify for 24 gold pieces
  1091 | D:2      | Bought a scroll of identify for 24 gold pieces
  1091 | D:2      | Bought a scroll of identify for 24 gold pieces
  1091 | D:2      | Bought a scroll of identify for 24 gold pieces
  1121 | D:2      | Found a faded altar of an unknown god.
  1147 | D:2      | Prayed at the altar of an unknown god.
  1147 | D:2      | Became a worshipper of Dithmenos the Shadowed
  1147 | D:2      | Reached * piety under Dithmenos
  1148 | D:2      | Fell from the grace of Dithmenos
  1466 | D:3      | You fall into a shaft and drop 3 floors!
  1501 | D:6      | Noticed a vampire
  1510 | D:6      | Slain by a vampire

Illustrated notes

Levels and vault maps discovered:
D:1:      co_arrival_square_in_a_square_in_a_square, layout_loops_ring
D:2:      layout_basic, ebering_ecumenical_altar_sacrificial, serial_shops,
          nicolae_square_shop, minmay_quadrilaterals
D:3:      layout_loops_ring
D:6:      layout_loops_ring, dk_noncrumbling_2, skrybe_limestone_x

Skill      XL: |  1  2  3  4 |
---------------+-------------+-----
Conjurations   | 1 2 |  2.0
Transmutations | 2 |  2.6
Spellcasting   | 4 |  4.2
Earth Magic    | 4 |  4.1
Dodging        | |  2.4
Stealth        | |  2.4

Action                   |  1- 3 |  4- 6 || total
-------------------------+-------+-------++-------
 Cast: Sandblast         |    63 |    29 ||    92
Invok: Renounce Religion |       |     1 ||     1
  Use: Scroll            |       |     8 ||     8
Armor: Robe              |     5 |       ||     5
Dodge: Dodged            |    12 |     6 ||    18
